Cogmind - Beta 10.2 @@@ ROGUE MODE // 2020.10.31 @ 21:27:44 Player: PlasticHeart Result: Self-destructed Performance ------------- Evolutions (4) 2000 Regions Visited (17) 3400 Robots Destroyed (201) 1005 Value Destroyed (4435) 4435 Prototype IDs (34) 680 Alien Tech Used (1) 200 Bonus (2428) 2428 TOTAL SCORE: 14148 Bonus ------- High Alert Combat Kills 1054 Follower Combat Kills 74 Met Imprinter 300 Destroyed Z-Imprinter 1000 Cogmind --------- Core Integrity 645/850 Matter 300/300 Energy 36/100 System Corruption 0% Temperature Cool (0) Movement Hovering (126) Ox1 Location -6/Factory Parts ------- > --- POWER (1) -------- (None) > --- PROPULSION (4) --- Aerolev Unit Combat Airjet > --- UTILITY (9) ------ High-capacity Storage Unit Long-range Sensor Array Advanced Signal Interpreter Surveybot 24 Chip Hacking Suite System Shield > --- WEAPON (2) ------- Scythe > --- INVENTORY (12) --- Micro Nuclear Core Cooled Aerolev Unit Cooled Aerolev Unit Cooled Aerolev Unit Combat Airjet Large Storage Unit Zionite Metafield Generator System Shield System Shield Hypervelocity Mass Driver CR-A16's Pointy Stick Peak State ------------ > --- POWER ------------ Zionite Light DM Reactor > --- PROPULSION ------- Aerolev Unit Aerolev Unit Improved Airjet Combat Airjet > --- UTILITY ---------- High-capacity Storage Unit Zionite Metafield Generator Long-range Sensor Array Advanced Signal Interpreter Surveybot 24 Chip Hacking Suite Hacking Suite Makeshift Hacking Suite System Shield > --- WEAPON ----------- Improved Datajack Scythe > --- INVENTORY -------- Micro Nuclear Core Cooled Aerolev Unit Combat Airjet Zionite Glidesys I Zionite Glidesys I Large Storage Unit Surveybot 24 Scanner Improved Propulsion Shielding System Shield System Shield Hypervelocity Mass Driver CR-A16's Pointy Stick [Rating: 75] Favorites ----------- Power Micro Nuclear Core Engine Heavy Ion Engine Power Core Micro Nuclear Core Reactor Zionite Light DM Reactor Propulsion Aerolev Unit Treads Light Treads Wheel Wheel Hover Unit Aerolev Unit Flight Unit Improved Flight Unit Utility High-capacity Storage Unit Device Long-range Sensor Array Storage High-capacity Storage Unit Processor Advanced Signal Interpreter Hackware Hacking Suite Protection Improved Propulsion Shielding Weapon Scythe Energy Gun EM Shotgun Energy Cannon Beam Cannon Ballistic Gun Enhanced Autogun Ballistic Cannon Hypervelocity Mass Driver Launcher Proton Missile Launcher Special Weapon Remote Datajack Impact Weapon Makeshift Hammer Slashing Weapon Scythe Piercing Weapon CR-A16's Pointy Stick Special Melee Weapon Improved Datajack Build | -11 -10 -10 -9 -9 -9 -8 -8 -8 -7 -7 -7 -7 -7 -7 -7 -6 -6 ------- Run | Scr Mat Min Mat Min Exi Min Mat Sto Fac Was Fac Low Low Zio Dee Pro Fac Slots Evolved 8 | . . . 2 . . . 2 . 2 . . . . . . . 2 Power . | . . . . . . . . . . . . . . . . . . Propulsion 2 | . . . 1 . . . 1 . . . . . . . . . . Utility 6 | . . . 1 . . . 1 . 2 . . . . . . . 2 Weapon . | . . . . . . . . . . . . . . . . . . Parts Attached 232 | 7 5 3 35 1 . 5 40 32 23 . 23 4 . 9 26 2 17 Power 13 | 1 . . 4 . . . 3 2 2 . . . . . 1 . . Engine 6 | 1 . . 4 . . . . 1 . . . . . . . . . Core 6 | . . . . . . . 3 1 2 . . . . . . . . Reactor 1 | . . . . . . . . . . . . . . . 1 . . Propulsion 99 | 2 3 2 13 1 . 3 17 18 8 . 14 . . . 10 2 6 Treads 3 | . 3 . . . . . . . . . . . . . . . . Leg . | . . . . . . . . . . . . . . . . . . Wheel 53 | 2 . 2 12 1 . 3 16 17 . . . . . . . . . Hover 41 | . . . . . . . . 1 8 . 14 . . . 10 2 6 Flight 2 | . . . 1 . . . 1 . . . . . . . . . . Utility 58 | 1 1 . 8 . . . 3 4 10 . 3 2 . 7 8 . 11 Device 18 | . . . . . . . . . 3 . 2 1 . 1 3 . 8 Storage 20 | 1 1 . 7 . . . . 1 1 . 1 . . 5 3 . . Processor 3 | . . . . . . . . . 2 . . . . . . . 1 Hackware 6 | . . . . . . . . . 4 . . . . . 1 . 1 Protection 11 | . . . 1 . . . 3 3 . . . 1 . 1 1 . 1 Artifact . | . . . . . . . . . . . . . . . . . . Weapon 62 | 3 1 1 10 . . 2 17 8 3 . 6 2 . 2 7 . . Energy Gun 25 | 2 . . 6 . . 1 7 6 . . . . . . 3 . . Energy Cannon 1 | . . . 1 . . . . . . . . . . . . . . Ballistic Gun 12 | 1 1 1 3 . . . 6 . . . . . . . . . . Ballistic Cannon 4 | . . . . . . . . . . . 2 1 . . 1 . . Launcher 6 | . . . . . . 1 4 1 . . . . . . . . . Special Weapon 1 | . . . . . . . . . . . 1 . . . . . . Impact Weapon 1 | . . . . . . . . . . . . . . 1 . . . Slashing Weapon 7 | . . . . . . . . 1 2 . 2 1 . . 1 . . Piercing Weapon 1 | . . . . . . . . . . . . . . 1 . . . Special Melee Weapon 4 | . . . . . . . . . 1 . 1 . . . 2 . . Unidentified Prototypes 20 | . . . 4 . . . 3 3 . . 1 1 . 1 7 . . Parts Lost 36 | . . . 4 . . . 12 8 3 . . . . . . 1 8 Power 5 | . . . 1 . . . 1 2 . . . . . . . . 1 Propulsion 12 | . . . 1 . . . 6 2 . . . . . . . 1 2 Utility 9 | . . . . . . . 1 2 2 . . . . . . . 4 Weapon 10 | . . . 2 . . . 4 2 1 . . . . . . . 1 Highest Loss Streak 8 | . . . 1 . . . 4 2 2 . . . . . . 1 8 Average Slot Usage (%) 98 | . 92 100 99 100 100 100 98 98 98 92 97 99 100 99 96 100 99 Engine 3 | . 14 14 11 11 11 11 1 . . . . . . . . . . Core 3 | . . . . . . . 7 7 6 7 7 7 7 7 3 . . Reactor 1 | . . . . . . . . . . . . . . . 3 7 5 Treads 1 | . 19 25 . . . . . . . . . . . . . . . Wheel 16 | . 8 2 32 33 33 33 34 35 . . . . . . . . . Hover 12 | . . . . . . . . . 29 30 29 29 28 28 28 28 25 Device 3 | . . . . . . . . . 6 7 7 7 7 7 3 7 11 Storage 19 | . 21 28 30 33 33 33 27 27 7 7 7 7 7 7 9 14 7 Processor 3 | . . . . . . . . . 7 7 7 7 7 7 7 7 11 Hackware 10 | . . . . . . . . . 22 23 23 22 21 21 21 21 22 Protection 3 | . . . 1 . . . 8 7 . . . . 7 7 7 . . Energy Gun 5 | . 14 4 9 22 22 22 8 11 . . . . . . . . . Ballistic Gun 5 | . 14 24 10 . . . 9 6 . . . . . . . . . Slashing Weapon 2 | . . . . . . . . . 6 7 6 6 7 7 4 7 6 Special Melee Weapon 2 | . . . . . . . . . 6 . 4 7 7 2 2 7 5 Naked Turns . | . . . . . . . . . . . . . . . . . . Heaviest Build 141 | 10 18 18 110 110 110 110 118 141 27 26 37 29 29 47 63 63 68 Greatest Support 72 | 32 40 40 42 36 30 30 40 58 44 44 44 44 33 44 72 72 68 Greatest Overweight (x) 5 | . . 1 5 3 3 3 5 3 2 . 1 . . 1 1 1 . Average Overweight (x) . | . . . 1 3 3 3 2 1 . . . . . . . . . Largest Inventory Capacity 36 | 6 10 10 28 28 28 28 28 36 28 10 10 10 10 12 18 18 18 Average Capacity 18 | 5 8 10 21 28 28 28 28 28 10 10 10 10 10 10 12 18 13 Most Carried 32 | 4 10 10 28 28 28 28 28 32 27 10 10 10 9 12 18 18 17 Average Carried 17 | 2 7 9 20 28 28 28 27 27 9 9 9 9 9 9 9 17 11 Final Capacity 28 | 6 10 10 28 28 28 28 28 28 10 10 10 10 10 12 18 18 12 Final Carried 28 | 4 10 10 28 28 28 28 28 27 8 10 10 9 9 12 18 17 11 Class Distribution -------------------- 40% | Hacker-Mutant 38% | Hauler-Mutant 7% | Mutant 7% | Scavenger-Mutant 5% | Hacker-Scout Dominant Class ---------------- Mutant | -10/Materials Mutant | -10/Mines Hauler-Mutant | -9/Materials Hauler-Mutant | -9/Mines Hauler-Mutant | -9/Exiles Hauler-Mutant | -8/Mines Hauler-Mutant | -8/Materials Hauler-Mutant | -8/Storage Hacker-Mutant | -7/Factory Hacker-Mutant | -7/Waste Hacker-Mutant | -7/Factory Hacker-Mutant | -7/Lower Caves Hacker-Mutant | -7/Lower Caves Hacker-Mutant | -7/Zion Hacker-Mutant | -7/Deep Caves Hacker-Mutant | -6/Proximity Caves Hacker-Scout | -6/Factory Resources | -11 -10 -10 -9 -9 -9 -8 -8 -8 -7 -7 -7 -7 -7 -7 -7 -6 -6 ----------- Run | Scr Mat Min Mat Min Exi Min Mat Sto Fac Was Fac Low Low Zio Dee Pro Fac Matter Collected 3835 | 274 73 54 545 10 . 63 803 622 267 . 405 79 9 79 326 46 180 Remotely . | . . . . . . . . . . . . . . . . . . Salvage Created 7869 | 79 138 99 1166 60 . 258 2800 2075 267 . 268 59 . . 13 115 472 Parts 444 | 3 12 3 92 1 . 27 136 106 14 . 23 3 . . 2 . 22 Haulers Intercepted 21 | . 2 . 5 . . . 5 6 . . 3 . . . . . . Recyclers Shooed 5 | . . . 1 . . . . . 1 . . . . . . . 3 Parts Field Recycled . | . . . . . . . . . . . . . . . . . . Retrieved Matter . | . . . . . . . . . . . . . . . . . . Parts Self-Destructed . | . . . . . . . . . . . . . . . . . . Prevented . | . . . . . . . . . . . . . . . . . . Kills | -11 -10 -10 -9 -9 -9 -8 -8 -8 -7 -7 -7 -7 -7 -7 -7 -6 -6 ------- Run | Scr Mat Min Mat Min Exi Min Mat Sto Fac Was Fac Low Low Zio Dee Pro Fac Combat Hostiles Destroyed 110 | . 3 6 13 1 . 11 43 26 1 . 1 . . . . . 5 Melee 6 | . . . . . . . . . 1 . . . . . . . 5 Guns 72 | . 3 6 11 1 . 7 27 17 . . . . . . . . . Cannons 3 | . . . 2 . . . . . . . 1 . . . . . . AOE 26 | . . . . . . 4 15 7 . . . . . . . . . Classes Destroyed 16 | 1 2 1 7 . . 1 2 . . . 1 1 . . . . . Worker 30 | . . . 6 . . 4 7 5 3 . 2 . . . . . 3 Builder 8 | . . . 1 . . . 4 3 . . . . . . . . . Tunneler 3 | . . . . . . 2 . . . . 1 . . . . . . Hauler 21 | . 2 . 5 . . . 5 6 . . 3 . . . . . . Recycler 13 | 1 . . 3 . . . 1 3 3 . . . . . . . 2 Mechanic 1 | . . . . . . . 1 . . . . . . . . . . Operator 8 | . . . 3 . . . 3 2 . . . . . . . . . Watcher 5 | . . . 2 . . . 1 1 . . 1 . . . . . . Swarmer 33 | . 3 3 3 . . 11 4 3 1 . . . . . . . 5 Grunt 45 | . . . 3 1 . . 30 11 . . . . . . . . . Brawler 4 | . . . . . . . 3 1 . . . . . . . . . Duelist 2 | . . . 1 . . . . 1 . . . . . . . . . Sentry 22 | . . . 6 . . . 6 10 . . . . . . . . . Programmer 1 | . . . . . . . . . . . 1 . . . . . . Decomposer 1 | . . . . . . . . . . . . 1 . . . . . Samaritan 1 | . . . . . . . . . . . . 1 . . . . . Assembled 3 | . . 3 . . . . . . . . . . . . . . . Best Kill Streak 10 | 1 2 3 4 1 . 4 5 10 2 . 3 . . . . . 5 Combat Bots Only 5 | . 2 3 3 1 . 4 4 5 1 . 1 . . . . . 5 Max Kills in Single Turn 4 | 1 1 1 1 1 . 4 2 3 1 . 1 1 . . . . 1 Gunslinging 1 | . . . . . . 1 . . . . . . . . . . . Exploded 4 | . . . . . . 4 2 2 . . . . . . . . . Melee 1 | . . . . . . . . . 1 . . . . . . . 1 Uniques/NPCs Destroyed 1 | . . . . . . . . . . . . . . . 1 . . Z-Imprinter (-7/Deep Caves) Combat | -11 -10 -10 -9 -9 -9 -8 -8 -8 -7 -7 -7 -7 -7 -7 -7 -6 -6 -------- Run | Scr Mat Min Mat Min Exi Min Mat Sto Fac Was Fac Low Low Zio Dee Pro Fac Damage Taken 5961 | . 106 199 668 84 . 206 1865 1384 259 . 60 . 67 . 59 240 764 Core 974 | . 34 13 44 18 . 25 294 197 72 . 29 . . . . 43 205 Absorbed by Shields 34 | . . . . . . . . 34 . . . . . . . . . Core Remaining (%) 69 | 100 . 81 . . . 78 . 10 . . . . . . . 79 . Volleys Fired 424 | 4 23 14 76 4 . 22 151 106 . . 12 4 . . 8 . . Largest 2 | 2 2 2 2 2 . 2 2 2 . . 1 1 . . 1 . . Hottest 100 | 70 70 70 90 90 . 90 90 100 . . 66 66 . . 66 . . Shots Fired 804 | 8 46 28 152 8 . 43 288 208 . . 11 4 . . 8 . . Gun 755 | 8 46 28 138 8 . 42 277 208 . . . . . . . . . Cannon 37 | . . . 14 . . . . . . . 11 4 . . 8 . . Launcher 12 | . . . . . . 1 11 . . . . . . . . . . Special . | . . . . . . . . . . . . . . . . . . Kinetic 362 | 4 23 24 72 . . . 112 104 . . 11 4 . . 8 . . Thermal 103 | 4 23 4 72 . . . . . . . . . . . . . . Explosive 3 | . . . . . . 1 2 . . . . . . . . . . Electromagnetic 336 | . . . 8 8 . 42 174 104 . . . . . . . . . Robot Hit Streak 20 | 4 4 8 20 5 . 6 16 17 . . 9 8 . . 3 . . Robot Miss Streak 7 | 1 3 2 6 2 . 7 6 5 . . 3 1 . . 1 . . Penetration Max . | . . . . . . . . . . . . . . . . . . Secondary Targets 7 | . . 2 1 . . 2 1 1 . . . . . . . . . Max Gunslinging Chain 1 | . . 1 1 . . 1 1 1 . . . . . . . . . Shots Hit Robots 632 | 6 27 18 108 7 . 30 209 157 13 . 18 5 . . 7 2 25 Core Hits 348 | 2 10 12 67 3 . 20 129 74 7 . 8 2 . . 2 1 11 Critical Hits 16 | . . . . . . . . 4 2 . 4 . . . 3 . 3 Critical Kills 3 | . . . . . . . . 1 . . 2 . . . . . . Critical Parts Destroyed 12 | . . . . . . . . 3 2 . 1 . . . 3 . 3 Melee Attacks 219 | . . . . . . . . 2 41 . 55 10 4 20 12 18 57 Impact 16 | . . . . . . . . . . . . . . 16 . . . Slashing 199 | . . . . . . . . 2 40 . 54 10 4 3 12 18 56 Piercing 1 | . . . . . . . . . . . . . . 1 . . . Sneak Attacks 29 | . . . . . . . . . 10 . 6 2 . . . . 11 Combat Hostiles . | . . . . . . . . . . . . . . . . . . Follow-up Attacks . | . . . . . . . . . . . . . . . . . . Damage Inflicted 14568 | 60 291 160 1415 88 . 561 4674 3576 960 . 820 186 . . 190 190 1397 Guns 7526 | 60 291 160 1184 88 . 312 2844 2587 . . . . . . . . . Cannons 516 | . . . 231 . . . . . . . 184 . . . 101 . . Explosions 3068 | . . . . . . 249 1830 989 . . . . . . . . . Melee 3458 | . . . . . . . . . 960 . 636 186 . . 89 190 1397 Ramming . | . . . . . . . . . . . . . . . . . . Kinetic 3108 | 21 79 123 407 . . . 1066 1127 . . 184 . . . 101 . . Thermal 3011 | 39 212 37 931 . . 31 772 989 . . . . . . . . . Explosive 486 | . . . . . . 218 268 . . . . . . . . . . Electromagnetic 4505 | . . . 77 88 . 312 2568 1460 . . . . . . . . . Impact . | . . . . . . . . . . . . . . . . . . Slashing 3458 | . . . . . . . . . 960 . 636 186 . . 89 190 1397 Piercing . | . . . . . . . . . . . . . . . . . . Highest Corruption 11 | . . . . . . . 4 4 5 11 11 11 11 11 . 1 . Average Corruption 6 | . . . . . . . 2 4 5 7 11 11 11 11 . 1 . Corruption Purged . | . . . . . . . . . . . . . . . . . . Effects 171 | . . . . . . . 9 37 18 . 81 13 11 2 . . . Message Errors 34 | . . . . . . . 1 6 4 . 17 3 3 . . . . Matter Fused 29 | . . . . . . . 2 9 4 . 9 2 2 1 . . . Heat Flow Errors 10 | . . . . . . . 2 3 2 . 2 . 1 . . . . Energy Discharges 15 | . . . . . . . 1 3 2 . 6 2 1 . . . . Parts Rejected 1 | . . . . . . . . . . . 1 . . . . . . Data Loss (minor) 11 | . . . . . . . . 3 3 . 5 . . . . . . Data Loss (major) 9 | . . . . . . . . . 2 . 6 . 1 . . . . Alerts 1 | . . . . . . . . . . . 1 . . . . . . Misdirections 30 | . . . . . . . . . . . 22 4 3 1 . . . Targeting Errors 28 | . . . . . . . 3 11 1 . 11 2 . . . . . Weapon Failures 3 | . . . . . . . . 2 . . 1 . . . . . . Overload Shots . | . . . . . . . . . . . . . . . . . . Overflow Damage 973 | . . . 41 . . . 65 120 189 . 127 . . . . 67 364 Projectiles . | . . . . . . . . . . . . . . . . . . Explosions 226 | . . . 41 . . . 65 120 . . . . . . . . . Melee 747 | . . . . . . . . . 189 . 127 . . . . 67 364 Knockbacks . | . . . . . . . . . . . . . . . . . . Impact . | . . . . . . . . . . . . . . . . . . Kinetic . | . . . . . . . . . . . . . . . . . . Secondary . | . . . . . . . . . . . . . . . . . . Self-Inflicted Damage 544 | . . . 81 . . 58 174 231 . . . . . . . . . Shots 15 | . . . 1 . . 2 7 5 . . . . . . . . . Rammed . | . . . . . . . . . . . . . . . . . . Targets Rammed . | . . . . . . . . . . . . . . . . . . Kicked . | . . . . . . . . . . . . . . . . . . Crushed . | . . . . . . . . . . . . . . . . . . Highest Temperature 313 | 80 90 50 128 141 . 132 313 279 169 . 210 72 287 . 212 . 8 Average Temperature 62 | 37 37 24 26 76 . 42 77 73 89 . 54 39 132 . 71 . 5 Received Heat Transfer 1542 | . . . 153 45 . . 828 480 18 . . . . . 18 . . Effects 2 | . . . . . . . 1 1 . . . . . . . . . Shutdowns 1 | . . . . . . . 1 . . . . . . . . . . Energy Bleed 1 | . . . . . . . . 1 . . . . . . . . . Siege Activations . | . . . . . . . . . . . . . . . . . . Robots Corrupted 6 | . . . . . . . 4 2 . . . . . . . . . Combat Hostiles 3 | . . . . . . . 1 2 . . . . . . . . . Parts Fried 33 | . . . 1 . . 1 16 15 . . . . . . . . . Impact Corruptions . | . . . . . . . . . . . . . . . . . . Robots Melted . | . . . . . . . . . . . . . . . . . . Combat Hostiles . | . . . . . . . . . . . . . . . . . . Parts Melted 4 | . . . 3 . . . 1 . . . . . . . . . . Heat Transferred 4326 | 111 592 111 1712 . . 50 650 1100 . . . . . . . . . Parts Sabotaged . | . . . . . . . . . . . . . . . . . . Parts Stolen . | . . . . . . . . . . . . . . . . . . Parts Stripped . | . . . . . . . . . . . . . . . . . . Power Chain Reactions 23 | . . . . . . 1 9 13 . . . . . . . . . Missiles Intercepted . | . . . . . . . . . . . . . . . . . . Alert | -11 -10 -10 -9 -9 -9 -8 -8 -8 -7 -7 -7 -7 -7 -7 -7 -6 -6 ------- Run | Scr Mat Min Mat Min Exi Min Mat Sto Fac Was Fac Low Low Zio Dee Pro Fac Peak Influence 1172 | 5 114 70 195 96 . 296 1172 985 559 186 206 . . . . . 139 Initial 494 | . 3 . . 51 . . 115 494 428 186 130 . . . . . . Average 335 | 1 66 31 75 64 . 236 787 805 473 186 87 . . . . . 38 Maximum Alert Level 4 | . . . . . . 1 4 3 2 . 1 . . . . . . Low Security (%) 58 | 100 100 100 100 100 . 36 3 . . 100 98 . . . . . 100 Level 1 4 | . . . . . . 63 7 . . . 1 . . . . . . Level 2 15 | . . . . . . . 22 22 99 . . . . . . . . Level 3 19 | . . . . . . . 54 77 . . . . . . . . . Level 4 2 | . . . . . . . 11 . . . . . . . . . . Level 5 . | . . . . . . . . . . . . . . . . . . High Security . | . . . . . . . . . . . . . . . . . . Max Security . | . . . . . . . . . . . . . . . . . . Squads Dispatched 17 | . . . 3 . . . 7 3 2 . 2 . . . . . . Investigation 3 | . . . . . . . 2 1 . . . . . . . . . Extermination 2 | . . . . . . . . . 1 . 1 . . . . . . Reinforcement 10 | . . . 3 . . . 4 1 1 . 1 . . . . . . Assault 2 | . . . . . . . 1 1 . . . . . . . . . Garrison . | . . . . . . . . . . . . . . . . . . Intercept . | . . . . . . . . . . . . . . . . . . Construction Impeded 1 | . . . . . . . 1 . . . . . . . . . . Haulers Reinforced . | . . . . . . . . . . . . . . . . . . Stealth | -11 -10 -10 -9 -9 -9 -8 -8 -8 -7 -7 -7 -7 -7 -7 -7 -6 -6 --------- Run | Scr Mat Min Mat Min Exi Min Mat Sto Fac Was Fac Low Low Zio Dee Pro Fac Distress Signals 12 | . . . 2 . . . 4 4 . . . . . . . . 2 Communications Jammed . | . . . . . . . . . . . . . . . . . . Distress Signals . | . . . . . . . . . . . . . . . . . . Times Spotted 210 | . 7 8 23 2 . 11 72 42 12 3 7 1 . . 3 2 17 Peak Tracking Total 6 | . 3 3 4 2 . 4 6 4 6 3 1 1 . . 3 2 6 Tactical Retreats 26 | . 1 1 1 1 . . 9 4 6 . . 1 . . . . 2 Traps | -11 -10 -10 -9 -9 -9 -8 -8 -8 -7 -7 -7 -7 -7 -7 -7 -6 -6 ------- Run | Scr Mat Min Mat Min Exi Min Mat Sto Fac Was Fac Low Low Zio Dee Pro Fac Traps Triggered 15 | . . . . . . . 4 5 3 . 2 . 1 . . . . Indirectly . | . . . . . . . . . . . . . . . . . . Trap Hack Attempts . | . . . . . . . . . . . . . . . . . . Triggered . | . . . . . . . . . . . . . . . . . . Disarmed . | . . . . . . . . . . . . . . . . . . Reprogrammed . | . . . . . . . . . . . . . . . . . . Reused . | . . . . . . . . . . . . . . . . . . Traps Extracted . | . . . . . . . . . . . . . . . . . . Installed . | . . . . . . . . . . . . . . . . . . Triggered 2 | . . . . . . . 1 . . . . . 1 . . . . Machines | -11 -10 -10 -9 -9 -9 -8 -8 -8 -7 -7 -7 -7 -7 -7 -7 -6 -6 ---------- Run | Scr Mat Min Mat Min Exi Min Mat Sto Fac Was Fac Low Low Zio Dee Pro Fac Machines Disabled 15 | . . . 5 . . . 1 7 . . 1 . . . 1 . . Max in Single Turn 5 | . . . 5 . . . 1 1 . . 1 . . . . . . Garrison Access 1 | . . . . . . . . . . . . . . . . . 1 Machines Sabotaged . | . . . . . . . . . . . . . . . . . . Garrisons Compromised . | . . . . . . . . . . . . . . . . . . Overloaded Fab Kills . | . . . . . . . . . . . . . . . . . . Fab Network Shutdowns . | . . . . . . . . . . . . . . . . . . Hacking | -11 -10 -10 -9 -9 -9 -8 -8 -8 -7 -7 -7 -7 -7 -7 -7 -6 -6 --------- Run | Scr Mat Min Mat Min Exi Min Mat Sto Fac Was Fac Low Low Zio Dee Pro Fac Machines Accessed 71 | . 1 . 8 . 1 . 7 11 7 . 20 . . 1 . . 15 Terminals 52 | . 1 . 7 . . . 7 11 6 . 10 . . . . . 10 Fabricators 6 | . . . . . . . . . . . 5 . . . . . 1 Repair Stations 5 | . . . 1 . . . . . 1 . 3 . . . . . . Recycling Units . | . . . . . . . . . . . . . . . . . . Scanalyzers 3 | . . . . . . . . . . . 1 . . . . . 2 Garrison Access 3 | . . . . . . . . . . . 1 . . . . . 2 Total Hacks 185 | . 6 . 18 . 4 . 19 26 18 . 54 . . 5 . . 35 Successful 109 | . 3 . 10 . 4 . 9 11 7 . 34 . . 5 . . 26 Failed 76 | . 3 . 8 . . . 10 15 11 . 20 . . . . . 9 Catastrophic 16 | . . . 4 . . . 1 3 4 . 3 . . . . . 1 Database Lockouts . | . . . . . . . . . . . . . . . . . . Manual 58 | . . . 10 . . . 7 5 6 . 11 . . . . . 19 Terminals 129 | . 6 . 14 . . . 19 26 15 . 25 . . . . . 24 Fabricators 18 | . . . . . . . . . . . 15 . . . . . 3 Repair Stations 15 | . . . 4 . . . . . 3 . 8 . . . . . . Recycling Units . | . . . . . . . . . . . . . . . . . . Scanalyzers 9 | . . . . . . . . . . . 4 . . . . . 5 Garrison Access 5 | . . . . . . . . . . . 2 . . . . . 3 Terminal Hacks 55 | . 3 . 4 . 4 . 7 10 4 . 10 . . 5 . . 8 Record 4 | . . . . . 4 . . . . . . . . . . . . Part Schematic 7 | . . . . . . . . 1 . . 1 . . 5 . . . Robot Analysis 1 | . 1 . . . . . . . . . . . . . . . . Prototype ID Bank 7 | . . . 1 . . . 1 . 1 . 2 . . . . . 2 Open Door 4 | . . . . . . . . 4 . . . . . . . . . Branch Access Points 3 | . . . . . . . 1 . 1 . 1 . . . . . . Machine Index 1 | . . . . . . . . . . . . . . . . . 1 Terminal Index 3 | . . . . . . . 1 . 1 . . . . . . . 1 Fabricator Index 1 | . . . . . . . . . . . 1 . . . . . . Alert Level 1 | . . . . . . . 1 . . . . . . . . . . Unreport Threat 3 | . 1 . . . . . . 2 . . . . . . . . . Locate Traps 9 | . . . 1 . . . . 1 1 . 3 . . . . . 3 Recall Investigation 1 | . . . . . . . 1 . . . . . . . . . . Hauler Manifests 3 | . . . . . . . 1 1 . . 1 . . . . . . Registered Components 1 | . . . . . . . 1 . . . . . . . . . . Registered Prototypes 1 | . . . . . . . . . . . . . . . . . 1 Zone Layout 5 | . 1 . 2 . . . . 1 . . 1 . . . . . . Fabricator Hacks 13 | . . . . . . . . . . . 10 . . . . . 3 Load Schematic 6 | . . . . . . . . . . . 5 . . . . . 1 Build 7 | . . . . . . . . . . . 5 . . . . . 2 Repair Station Hacks 12 | . . . 4 . . . . . 2 . 6 . . . . . . Scan Component 6 | . . . 2 . . . . . 1 . 3 . . . . . . Repair 6 | . . . 2 . . . . . 1 . 3 . . . . . . Recycling Unit Hacks . | . . . . . . . . . . . . . . . . . . Scanalyzer 9 | . . . . . . . . . . . 4 . . . . . 5 Insert Component 5 | . . . . . . . . . . . 2 . . . . . 3 Analyze 4 | . . . . . . . . . . . 2 . . . . . 2 Garrison Access Hacks 1 | . . . . . . . . . . . . . . . . . 1 Seal Access 1 | . . . . . . . . . . . . . . . . . 1 Unauthorized Hacks 19 | . . . 2 . . . 2 1 1 . 4 . . . . . 9 Terminals 19 | . . . 2 . . . 2 1 1 . 4 . . . . . 9 Track 6 | . . . 2 . . . 1 . . . 1 . . . . . 2 Assimilate 5 | . . . . . . . . . . . 2 . . . . . 3 Botnet 7 | . . . . . . . 1 1 . . 1 . . . . . 4 Disrupt 1 | . . . . . . . . . 1 . . . . . . . . Fabricators . | . . . . . . . . . . . . . . . . . . Repair Stations . | . . . . . . . . . . . . . . . . . . Recycling Units . | . . . . . . . . . . . . . . . . . . Scanalyzers . | . . . . . . . . . . . . . . . . . . Garrison Access . | . . . . . . . . . . . . . . . . . . Data Cores Recovered . | . . . . . . . . . . . . . . . . . . Used . | . . . . . . . . . . . . . . . . . . Hacking Detections 52 | . 1 . 6 . . . 6 8 5 . 16 . . . . . 10 Full Trace Events 1 | . . . . . . . . 1 . . . . . . . . . Feedback Events . | . . . . . . . . . . . . . . . . . . Feedback Blocked . | . . . . . . . . . . . . . . . . . . Robot Schematics Acquired . | . . . . . . . . . . . . . . . . . . Robots Built . | . . . . . . . . . . . . . . . . . . Matter . | . . . . . . . . . . . . . . . . . . Time . | . . . . . . . . . . . . . . . . . . Total Robot Build Rating . | . . . . . . . . . . . . . . . . . . Part Schematics Acquired 11 | . . . . . . . . 1 . . 3 . . 5 . . 2 Parts Built 7 | . . . . . . . . . . . 5 . . . . . 2 Matter 1162 | . . . . . . . . . . . 592 . . . . . 570 Time 318 | . . . . . . . . . . . 166 . . . . . 152 Total Part Build Rating 39 | . . . . . . . . . . . 29 . . . . . 10 Parts Repaired 6 | . . . 2 . . . . . 1 . 3 . . . . . . Time 220 | . . . 100 . . . . . 30 . 90 . . . . . . Parts Recycled . | . . . . . . . . . . . . . . . . . . Recycled Matter . | . . . . . . . . . . . . . . . . . . Retrieved Matter . | . . . . . . . . . . . . . . . . . . Retrieved Components . | . . . . . . . . . . . . . . . . . . Parts Scanalyzed 4 | . . . . . . . . . . . 2 . . . . . 2 Part Schematics Acquired 4 | . . . . . . . . . . . 2 . . . . . 2 Parts Damaged 1 | . . . . . . . . . . . 1 . . . . . . Bothacking | -11 -10 -10 -9 -9 -9 -8 -8 -8 -7 -7 -7 -7 -7 -7 -7 -6 -6 ------------ Run | Scr Mat Min Mat Min Exi Min Mat Sto Fac Was Fac Low Low Zio Dee Pro Fac Used RIF Installer . | . . . . . . . . . . . . . . . . . . Robots Hacked 3 | . . . . . . . . . 1 . 1 . . . . . 1 Non-combat 3 | . . . . . . . . . 1 . 1 . . . . . 1 Combat . | . . . . . . . . . . . . . . . . . . Robot Hacks Applied 3 | . . . . . . . . . 1 . 1 . . . . . 1 find_chute 2 | . . . . . . . . . 1 . . . . . . . 1 find_fabricator 1 | . . . . . . . . . . . 1 . . . . . . Relay Couplers Released . | . . . . . . . . . . . . . . . . . . Robots Rewired . | . . . . . . . . . . . . . . . . . . Allies Hacked . | . . . . . . . . . . . . . . . . . . Hacks Repelled . | . . . . . . . . . . . . . . . . . . Allies | -11 -10 -10 -9 -9 -9 -8 -8 -8 -7 -7 -7 -7 -7 -7 -7 -6 -6 -------- Run | Scr Mat Min Mat Min Exi Min Mat Sto Fac Was Fac Low Low Zio Dee Pro Fac Total Allies 12 | . . . . . . . . . . . 2 . . 8 . . 2 Largest Group 9 | . . . . . . . . . . . 2 2 1 9 7 5 2 Highest-Rated Group 240 | . . . . . . . . . . . 36 36 26 240 194 150 36 Highest-Rated Ally 31 | . . . . . . . . . . . 26 26 26 31 31 31 26 Total Orders 3 | . . . . . . . . . . . 1 1 . 1 . . . STAY 3 | . . . . . . . . . . . 1 1 . 1 . . . Ally Attacks 96 | . . . . . . . . . . . . . . . 86 10 . Total Damage 1346 | . . . . . . . . . . . . . . . 1134 212 . Kills 9 | . . . . . . . . . . . . . . . 7 2 . Allies Corrupted . | . . . . . . . . . . . . . . . . . . Allies Melted . | . . . . . . . . . . . . . . . . . . Intel | -11 -10 -10 -9 -9 -9 -8 -8 -8 -7 -7 -7 -7 -7 -7 -7 -6 -6 ------- Run | Scr Mat Min Mat Min Exi Min Mat Sto Fac Was Fac Low Low Zio Dee Pro Fac Robot Analysis Total 1 | . 1 . . . . . . . . . . . . . . . . Derelict Logs Recovered 4 | . . 1 . . . . . . . . . 1 . 1 . 1 . Drone Launches . | . . . . . . . . . . . . . . . . . . Drone Recoveries . | . . . . . . . . . . . . . . . . . . Exploration | -11 -10 -10 -9 -9 -9 -8 -8 -8 -7 -7 -7 -7 -7 -7 -7 -6 -6 ------------- Run | Scr Mat Min Mat Min Exi Min Mat Sto Fac Was Fac Low Low Zio Dee Pro Fac Turns Passed 13425 | 71 504 561 2036 206 361 396 1927 1218 793 29 1386 282 199 836 829 954 837 Spaces Moved 14112 | 54 290 258 1434 149 329 291 1335 687 1380 70 2196 562 394 1761 945 679 1298 Core 19 | 19 . . . . . . . . . . . . . . . . . Treads 408 | . 199 209 . . . . . . . . . . . . . . . Legs . | . . . . . . . . . . . . . . . . . . Wheels 4400 | 35 91 49 1434 149 329 291 1335 687 . . . . . . . . . Hover 9285 | . . . . . . . . . 1380 70 2196 562 394 1761 945 679 1298 Flight . | . . . . . . . . . . . . . . . . . . Fastest Speed 22 | 50 100 90 93 110 110 110 100 100 38 38 38 38 42 38 38 48 22 Average Speed 65 | 82 141 146 105 114 110 110 100 106 40 38 44 41 42 39 48 48 45 Slowest Speed 170 | 100 160 160 130 116 110 110 130 120 170 38 106 42 42 98 98 115 48 Overloaded Moves . | . . . . . . . . . . . . . . . . . . Propulsion Burnouts . | . . . . . . . . . . . . . . . . . . Robots Hopped . | . . . . . . . . . . . . . . . . . . Cave-ins Triggered . | . . . . . . . . . . . . . . . . . . Exploration Rate (%) 60 | 4 49 52 95 36 84 75 83 92 41 58 53 69 56 86 59 66 35 Regions Visited 17 Branch Regions 10 Pre-discovered Areas 1 | . . . . . 1 . . . . . . . . . . . . Known Exits Taken 7 | . . . . . . . 1 . . . 1 1 1 1 1 1 . Unknown Exits Taken 8 | 1 1 1 1 1 1 1 . 1 . . . . . . . . . Scrap Searched 9 | . . . . 1 . 3 . . . . . . . 4 . 1 . Spaces Dug 123 | . . . . . . . . . 21 . 43 8 4 3 3 16 25 Terrain Destroyed 293 | . . . 41 . . 18 55 56 21 . 43 8 4 3 3 16 25 Melee 123 | . . . . . . . . . 21 . 43 8 4 3 3 16 25 Projectile . | . . . . . . . . . . . . . . . . . . AOE 170 | . . . 41 . . 18 55 56 . . . . . . . . . Terrain Rammed . | . . . . . . . . . . . . . . . . . . Walls Destroyed . | . . . . . . . . . . . . . . . . . . Machines Disabled . | . . . . . . . . . . . . . . . . . . Actions | -11 -10 -10 -9 -9 -9 -8 -8 -8 -7 -7 -7 -7 -7 -7 -7 -6 -6 --------- Run | Scr Mat Min Mat Min Exi Min Mat Sto Fac Was Fac Low Low Zio Dee Pro Fac Total 17220 | 71 343 420 1818 176 328 324 1674 1010 1562 71 2501 588 420 1877 1298 1278 1461 Wait 1832 | . 14 128 184 21 . 4 92 97 87 . 201 7 23 68 251 580 75 Move 14096 | 53 289 257 1433 148 328 290 1334 686 1380 69 2195 561 393 1760 944 678 1298 Hop . | . . . . . . . . . . . . . . . . . . Pick Up 172 | 7 7 8 48 1 . . 26 18 7 2 5 . . 12 26 . 5 Fast Attach 60 | 3 3 2 8 . . . 8 5 6 . 15 2 . . 8 . . Attach 52 | 3 . . 4 . . . 8 8 12 . . 1 . 3 7 1 5 Detach 6 | . . . . . . . . 1 . . . . . 2 2 . 1 Swap 122 | 1 2 1 24 1 . 5 24 19 5 . 8 2 . 6 11 1 12 Drop 203 | . 5 10 41 1 . 3 31 31 24 . 10 1 . 9 29 . 8 Fire 424 | 4 23 14 76 4 . 22 151 106 . . 12 4 . . 8 . . Melee 216 | . . . . . . . . 2 41 . 55 10 4 17 12 18 57 Ram . | . . . . . . . . . . . . . . . . . . Kick . | . . . . . . . . . . . . . . . . . . Crush . | . . . . . . . . . . . . . . . . . . Escape Stasis 37 | . . . . . . . . 37 . . . . . . . . . Rewire . | . . . . . . . . . . . . . . . . . . Trap . | . . . . . . . . . . . . . . . . . . Miscellaneous . | . . . . . . . . . . . . . . . . . . Route ------- -11/Scrapyard -10/Materials (discovered 2 exits: *Mat / [*Min]) -10/Mines -9/Materials (discovered 4 exits: *Mat x3 / [*Min]) -9/Mines (discovered 2 exits: *Exi / *Zio) -9/Exiles -8/Mines -8/Materials (discovered 4 exits: *Fac x3 / *Sto) -8/Storage -7/Factory (discovered 4 exits: *Fac x2 / *Low x2) -7/Waste -7/Factory (discovered 3 exits: *Fac / *Low x2) -7/Lower Caves -7/Lower Caves (discovered 2 exits: *Fac / *Zio) -7/Zion (discovered 2 exits: *Dee / [*Pro]) -7/Deep Caves -6/Proximity Caves -6/Factory (discovered 2 exits: [*Low x2]) History --------- Turn | Location | Event 4 | -11/Scrapyard | Discovered new exit (range 16) 72 | -11/Scrapyard | Entered Materials 106 | -10/Materials | Discovered new exit (range 12) 303 | -10/Materials | Build established: Mutant 471 | -10/Materials | Discovered new exit (range 11) 576 | -10/Materials | Entered Mines 758 | -10/Mines | Assembled infested the area 763 | -10/Mines | Assisted by a Guerilla fighting off Assembled 1123 | -10/Mines | Learned Materials garrison access intel 1129 | -10/Mines | Discovered new exit (range 9) 1137 | -10/Mines | Entered Materials 1137 | -9/Materials | Evolved 2 slots: Propulsion x1, Utility x1 1362 | -9/Materials | Build established: Scavenger-Mutant 1366 | -9/Materials | Repaired Cmb. Airjet 1417 | -9/Materials | Repaired Cmb. Airjet 1482 | -9/Materials | Discovered new exit (range 13) 1643 | -9/Materials | Discovered new exit (range 11) 2262 | -9/Materials | Discovered new exit (range 9) 2351 | -9/Materials | Build established: Hauler-Mutant 2986 | -9/Materials | Discovered new exit (range 9) 3173 | -9/Materials | Entered Mines 3203 | -9/Mines | A Derelict revealed a hidden shortcut to a safe place 3373 | -9/Mines | Deemed a non-threat by the Exiles lab entrance 3374 | -9/Mines | Discovered new exit (range 5) 3379 | -9/Mines | Entered Exiles 3407 | -9/Exiles | Met 8R-AWN 3425 | -9/Exiles | Met EX-HEX 3456 | -9/Exiles | Met EX-BIN 3540 | -9/Exiles | Met EX-DEC 3546 | -9/Exiles | Learned location of Zion (-7) 3589 | -9/Exiles | Visited The Gauntlet 3726 | -9/Exiles | Discovered new exit (range 14) 3740 | -9/Exiles | Entered Mines 4087 | -8/Mines | Discovered new exit (range 8) 4136 | -8/Mines | Entered Materials 4136 | -8/Materials | Evolved 2 slots: Propulsion x1, Utility x1 4137 | -8/Materials | Loaded intel: 1 garrison access location 4459 | -8/Materials | Lost 4 parts (2n2w) 4683 | -8/Materials | Lost 4 parts (2n1u1w) 4927 | -8/Materials | Discovered new exit (range 11) 4936 | -8/Materials | First assault squad dispatched 5061 | -8/Materials | Identified exit to Storage 5308 | -8/Materials | Discovered new exit (range 16) 5899 | -8/Materials | Discovered new exit (range 11) 6051 | -8/Materials | Core integrity fell below 50% 6063 | -8/Materials | Entered Storage 7145 | -8/Storage | Core integrity fell below 20% 7244 | -8/Storage | Discovered new exit (range 14) 7263 | -8/Storage | First assault squad dispatched 7281 | -8/Storage | Entered Factory 7281 | -7/Factory | Evolved 2 slots: Utility x2 7378 | -7/Factory | Discovered new exit (range 15) 7579 | -7/Factory | Build established: Hacker-Mutant 7692 | -7/Factory | Discovered new exit (range 16) 7826 | -7/Factory | Identified exit to Lower Caves 7953 | -7/Factory | Repaired Aerolev Unit 8058 | -7/Factory | Discovered new exit (range 10) 8074 | -7/Factory | Manually triggered Chute Trap 8074 | -7/Factory | Sucked down chute 8074 | -7/Factory | Entered Waste 8080 | -7/Waste | Spotted C-40 Crusher 8081 | -7/Waste | Spotted C-40 Crusher 8083 | -7/Waste | Spotted C-40 Crusher 8088 | -7/Waste | Spotted C-40 Crusher 8089 | -7/Waste | EMP discharged 8089 | -7/Waste | System corruption reached 10% 8092 | -7/Waste | Discovered new exit (range 15) 8093 | -7/Waste | Spotted C-40 Crusher 8102 | -7/Waste | Identified exit to Factory 8103 | -7/Waste | Entered Factory 8638 | -7/Factory | Fabricated Hyp. Mass Driver? 8747 | -7/Factory | Fabricated Hacking Suite? 8823 | -7/Factory | Fabricated Gyrokinetic Inverter (x2) 9036 | -7/Factory | Repaired Aerolev Unit 9067 | -7/Factory | Repaired Aerolev Unit 9279 | -7/Factory | Repaired Aerolev Unit 9435 | -7/Factory | Discovered new exit (range 10) 9440 | -7/Factory | Identified exit to Factory 9489 | -7/Factory | Entered Lower Caves 9489 | -7/Lower Caves | Accompanied by 2 allies 9491 | -7/Lower Caves | Attracted the attention of an 0b10 checkpoint 9586 | -7/Lower Caves | Spotted B-75 Beast 9693 | -7/Lower Caves | Learned location of 1 exit from Proximity Caves 9702 | -7/Lower Caves | Encountered a Warlord checkpoint 9705 | -7/Lower Caves | Discovered new exit (range 5) 9707 | -7/Lower Caves | Identified exit to Lower Caves 9737 | -7/Lower Caves | Found Alien Artifact 9737 | -7/Lower Caves | Identified Core Expander 9737 | -7/Lower Caves | Installed Core Expander, added new Utility slot 9771 | -7/Lower Caves | Entered another Lower Caves area 9771 | -7/Lower Caves | Accompanied by 1 ally 9774 | -7/Lower Caves | Discovered exit to Factory (range 8) 9827 | -7/Lower Caves | Encountered a Warlord checkpoint 9965 | -7/Lower Caves | Discovered new exit (range 7) 9967 | -7/Lower Caves | Identified exit to Zion 9970 | -7/Lower Caves | Entered Zion 9970 | -7/Zion | Accompanied by 1 ally 9987 | -7/Zion | System corruption cleaned by Quarantine Array 9994 | -7/Zion | Found CR-A16's Pointy Stick 10025 | -7/Zion | Discovered new exit (range 16) 10028 | -7/Zion | Given the Hacking Drone Bay 10051 | -7/Zion | Found Prototype Device 10052 | -7/Zion | Identified Hacking Drone Bay 10169 | -7/Zion | Identified exit to Deep Caves 10189 | -7/Zion | Learned Factory emergency access door positions 10280 | -7/Zion | Gained Derelict followers 10329 | -7/Zion | Gained Derelict followers 10547 | -7/Zion | Saw the warning signs outside the Deep Caves entrance 10806 | -7/Zion | Entered Deep Caves 10806 | -7/Deep Caves | Accompanied by 7 allies 11218 | -7/Deep Caves | Z-Facility disabled 11228 | -7/Deep Caves | Attacked by Z-Imprinter 11246 | -7/Deep Caves | Allies destroyed Z-Imprinter 11261 | -7/Deep Caves | Found Prototype Device 11262 | -7/Deep Caves | Identified Zio. Metafield Generator 11323 | -7/Deep Caves | Found Surveybot 24 Chip 11383 | -7/Deep Caves | Found Surveybot 24 Scanner 11595 | -7/Deep Caves | Discovered new exit (range 6) 11597 | -7/Deep Caves | Identified exit to Proximity Caves 11635 | -7/Deep Caves | Entered Proximity Caves 11635 | -6/Proximity Caves | Accompanied by 5 allies 11835 | -6/Proximity Caves | Received a Behemoth hack from an annoying Tinkerer 12390 | -6/Proximity Caves | Learned Factory stockpile data 12589 | -6/Proximity Caves | Entered Factory 12589 | -6/Factory | Evolved 2 slots: Utility x2 12766 | -6/Factory | Discovered new exit (range 23) 12901 | -6/Factory | Build established: Hacker-Scout 13048 | -6/Factory | Discovered new exit (range 19) 13057 | -6/Factory | Fabricated Cld. Aerolev Unit? 13200 | -6/Factory | Fabricated Cld. Aerolev Unit (x1) 13426 | -6/Factory | Self-destructed Last Messages --------------- 13357_ K-01 Serf collects debris. 13359_ Acquired 10 matter. 13380_ Surveybot 24 Scanner destroyed. 13389_ Hacking Suite destroyed. 13391_ S-27 Virus suffers critical hit. 13391_ Destroyed VTOL Module. 13394_ S-27 Virus destroyed. 13399_ Acquired 10 matter. 13400_ S-27 Virus suffers critical hit. 13400_ Destroyed Lgt. Nuclear Core. 13405_ S-27 Virus destroyed. 13406_ Imp. Datajack destroyed. 13408_ W-25 Informer sends out distress signal. 13413_ Zio. Light DM Reactor destroyed. 13413_ Destroyed VTOL Module. 13416_ Mak. Hacking Suite destroyed. 13417_ Imp. Propulsion Shielding destroyed. 13418_ S-27 Virus destroyed. 13423_ Aerolev Unit destroyed. 13425_ Imp. Airjet destroyed. Map ----- +----------------------------------------------------+ | ###### ###### ##+####### # | | ###### ########+### ## """"""""" # | | ###### # ## ###/ | | ########+######## # ## """"""""" | | ###! ## # ## | | ### ## """ # ## | | ### """ """ ## """ # + ### | | ### """ """ ## """ # ### ### | | # """ """ ## # ### ###########+ | | # ######## #####+########## | | # """ """ ######## # + + """ | | # """ """ ######## # ### ""T | | # [ """ """ ################ ### | | ### ## ! # ## ### | | ### ## ] #!! ## ### "" | | ### ## * *#! ## ### "" | | ############"#### / ## ### "" | | ########### #######+# ## ### | | ###########[ !/ # ## ####### | | #### """ !# # # =## ####### | | #### """ # # ##+##### ####### | | #### """ # + t + ####### | | #### # ]! ########## ##########+############# | | #### # ! ##########[##########k ### | | #### #############ssw%=######## ### | | #######+###############*=@%= # | | [%=%=[= s + | | ############### ##### # | | ############### ####### ##### ### | | ####### ##### ######+######### #####+##+### | | ####### #####" " ## ##### # "T" | | ####### #####" " ##"""" ##### # | | #### #####" " ##"""" ##### # | | ####+####"T " ##"""" ##### # | | # #" " ##"""" ##### # | | # """ #" " ##"""" ##### + | | # """ #" " ##"""" ##### # """"""" | | # """ # " ## ##### # """"""" | | # # " ################ # """"""" | | + " " # ################ # """"""" | | !# "Y" * # /################ # | | #### """ # ! ################ # | | + # ################ ############ | | #######+#######+################# ! ########## | | # ## #### ^^ ^ ########## | | # # ### ^ T ########## | | # +